 Dungeon Crawl Stone Soup version 0.16.1 (webtiles) character file.

33 Fiveotanaka the Chucker (level 3, -1/36 HPs)
             Began as an Ogre Hunter on Mar 24, 2015.
             Slain by Sigmund
             ... wielding a +0 scythe
              (11 damage)
             ... on level 2 of the Dungeon.
             The game lasted 00:03:37 (1928 turns).

Fiveotanaka the Chucker (Ogre Hunter)               Turns: 1928, Time: 00:03:37

Health: -1/36      AC:  3    Str: 17    XL:     3   Next: 29%
Magic:  3/3        EV: 10    Int: 10    God:
Gold:   45         SH:  0    Dex: 14    Spells: 0 memorised, 2 levels left

rFire  . . .     SeeInvis .     e - +0 whip
rCold  . . .     Clarity  .     d - +0 animal skin
rNeg   . . .     SustAb   .     (shield restricted)
rPois  .         Gourm    .     (helmet restricted)
rElec  .         Spirit   .     (no cloak)
rCorr  .         Warding  .     (gloves unavailable)
rMut   +         Stasis   .     (boots unavailable)
MR     +....                    u - amulet of resist mutation
Stlth  +.........               y - ring of protection from magic
                                j - +3 ring of dexterity

@: somewhat resistant to hostile enchantments, very unstealthy
A: unfitting armour, tough skin 1
a: no special abilities


You were on level 2 of the Dungeon.
You were not hungry.

You visited 1 branch of the dungeon, and saw 2 of its levels.

You collected 45 gold pieces.

Inventory:

Hand weapons
 a - a +0 short sword
 e - a +0 whip (weapon)
Missiles
 c - 2 throwing nets (quivered)
 g - 25 stones
Armour
 d - a +0 animal skin (worn)
Jewellery
 j - a +3 ring of dexterity (left hand)
 u - an amulet of resist mutation (around neck)
 y - a ring of protection from magic (right hand)
Scrolls
 i - 3 scrolls of remove curse {unknown}
 m - a scroll of immolation {unknown}
 r - a scroll of fear {unknown}
 s - 2 scrolls of recharging {unknown}
 t - a scroll of identify {unknown}
 w - a scroll of random uselessness {unknown}
 x - a scroll of fog {unknown}
Potions
 h - a potion of might {unknown}
 k - a potion of curing {unknown}
 q - a potion of magic {unknown}
 v - a potion of brilliance {unknown}
Comestibles
 f - 2 meat rations
 l - 2 bread rations
 p - 4 fruits


   Skills:
 - Level 2.6 Fighting
 + Level 3.6 Maces & Flails
 - Level 4.4 Throwing
 - Level 1.7 Dodging
 - Level 0.7 Stealth


You had 2 spell levels left.
You didn't know any spells.

Dungeon Overview and Level Annotations

Branches:
Dungeon (2/15)

Altars:

Annotations:
D:2 Sigmund


Innate Abilities, Weirdness & Mutations

You are too large for most types of armour.
You have tough skin (AC +1).


Message History

Drink which item? (? for menu, Esc to quit)
Okay, then.
You aren't carrying any items that can be evoked.
Quiver which item? (- for none, * to show all) (? for menu, Esc to quit)
Quivering
o - 2 tomahawks for throwing.
Throwing (i - inventory. (,) - cycle):
o - 2 tomahawks (quivered)
Press: ? - help, Shift-Dir - straight line, f/p - Sigmund
Aim: Sigmund, wielding a scythe and wearing a robe (severely wounded)
You throw a tomahawk. The tomahawk closely misses Sigmund.
Throwing (i - inventory. (,) - cycle):
o - a tomahawk (quivered)
Press: ? - help, Shift-Dir - straight line, f/p - Sigmund
Aim: Sigmund, wielding a scythe and wearing a robe (severely wounded)
You throw a tomahawk. The tomahawk barely misses Sigmund.
Sigmund hits you but does no damage.
You hit Sigmund but do no damage.
Sigmund is severely wounded.
You hit Sigmund.
Sigmund is severely wounded.
Sigmund hits you with a scythe!
You die...

.# .# .# (# ####@# ### #((..#
#.. #.#### #.# #@# #.# #@#
#.# #.# #.#### #.# #....# .
#.# ##....##.## #.#
#.<........ ##.## #..........
#####...#####.......##
#########.................###
#...............#.#####...#


You could see Sigmund.

Vanquished Creatures
  A worm (D:2)
  A giant gecko (D:1)
  A bat (D:1)
  2 giant cockroaches (D:1)
  4 hobgoblins (D:1)
  A ball python (D:1)
  2 giant newts (D:1)
  4 goblins (D:1)
  7 kobolds (D:1)
  3 rats (D:1)
26 creatures vanquished.

Notes
Turn   | Place    | Note
--------------------------------------------------------------
     0 | D:1      | Fiveotanaka, the Ogre Hunter, began the quest for the Orb.
     0 | D:1      | Reached XP level 1. HP: 22/22 MP: 1/1
   153 | D:1      | Reached skill level 1 in Maces & Flails
   385 | D:1      | Reached XP level 2. HP: 22/29 MP: 2/2
  1349 | D:1      | Reached XP level 3. HP: 36/36 MP: 3/3
  1913 | D:2      | Noticed Sigmund
  1928 | D:2      | Slain by Sigmund

Action                   || total
-------------------------++-------
Melee: Whip              ||   108
       Short sword       ||     2
Throw: Stone             ||    12
       Large rock        ||     5
       Tomahawk          ||     2
  Eat: Chunk             ||     3
